Map: Cyber Forest LE

Players

TiPtOP

  • Race: Terran Terran
  • League: Silver
  • Spawn Location: 5:00

Bang - Winner!

  • Race: Terran Terran
  • League: Silver
  • Spawn Location: 11:00

VOD

Have the link to the VOD?

Description

Time

  • Played on: May 10, 2019, 3:39 a.m.
  • Length: 13:37
Show
View Real Time Build Order
Export as new Build Order

TiPtOP Terran 

Build Orders:  

Get SALT Encoding   

  12  0:01  SCV  
  13  0:13  SCV  
  14  0:23  Supply Depot  
  14  0:25  SCV  
  15  0:44  SCV  
  15  0:48  Barracks  
  16  0:57  SCV  
  16  1:01  Refinery  
  17  1:09  SCV  
  18  1:21  SCV  
  19  1:33  SCV  
  20  1:40  Marine  
  20  1:45  Supply Depot  
  21  1:49  Orbital Command  
  21  2:02  Barracks Reactor  
  21  2:03  Barracks  
  21  2:19  SCV  
  22  2:28  Command Center  
  22  2:31  SCV  
  22  2:45  Marine x2  
  23  3:06  SCV  
  24  3:19  Marine x2  
  27  3:22  Barracks Tech Lab  
  27  3:23  SCV  
  27  3:37  Barracks  
  27  3:42  Marine  
  27  3:43  Marine x2  
  30  3:49  Supply Depot  
  30  4:00  SCV  
  31  4:05  Supply Depot  
  31  4:08  Factory  
  31  4:14  Marine x3  
  34  4:20  SCV  
  34  4:23  SCV  
  36  4:31  Barracks Reactor  
  36  4:32  SCV  
  36  4:33  Stimpack  
  37  4:48  Marine x3  
  37  4:50  SCV x2  
  42  4:54  Factory Reactor  
  42  4:59  Starport  
  42  5:06  Refinery  
  42  5:11  SCV  
  42  5:12  SCV  
  44  5:21  Supply Depot  
  44  5:23  SCV, Marine x3  
  44  5:24  Marine x2  
  50  5:30  Engineering Bay  
  50  5:44  Supply Depot  
  50  5:49  Factory Tech Lab  
  50  5:54  Supply Depot  
  50  5:56  Marine, Marauder  
  50  5:57  Marine x3  
  53  6:03  SCV x2  
  58  6:15  Orbital Command  
  58  6:19  SCV, Marine  
  58  6:20  Marine x4  
  58  6:24  Medivac x2  
  68  6:27  Siege Tank  
  68  6:31  SCV  
  72  6:38  Terran Infantry Weapons Level 1, Supply Depot  
  72  6:42  Supply Depot  
  72  6:54  SCV x2  
  72  6:57  Refinery  
  74  7:13  Liberator  
  74  7:20  Marine x2  
  74  7:21  Marine x3  
  82  7:38  Engineering Bay, Marine  
  82  8:03  Missile Turret  
  82  8:08  SCV x2  
  84  8:15  Missile Turret  
  84  8:39  Command Center  
  84  8:45  Missile Turret  
  84  8:50  Terran Infantry Armor Level 1  
  84  8:58  Combat Shield  
  84  9:00  Marine x4  
  84  9:01  Siege Tank  
  91  9:07  Missile Turret  
  89  9:27  Missile Turret  
  89  9:33  Siege Tank  
  92  9:49  Missile Turret  
  85  10:18  Missile Turret  
  85  10:23  Marine x4  
  57  10:39  Marine  
  57  10:41  Marine x4  
  47  11:01  Marine x5  
  44  11:19  Marine  
  44  11:33  Marine x2  
  44  11:36  Marine  
  44  11:37  Siege Tank  
  44  11:39  Viking x2  
  54  11:57  Marine  
  54  11:58  Marine x2  
  29  12:09  Siege Tank  
  29  12:15  Marine  
  15  12:24  Marine  
  13  12:30  Bunker  
  14  12:41  Hellion  
  15  13:02  Hellion  
Show
View Real Time Build Order
Export as new Build Order

Bang Terran - Winner!

Build Orders:  

Get SALT Encoding   

  12  0:02  SCV  
  13  0:14  SCV  
  13  0:19  Supply Depot  
  14  0:26  SCV  
  15  0:41  SCV  
  16  0:44  Barracks  
  16  0:52  Refinery  
  16  0:54  SCV  
  17  1:06  SCV  
  18  1:18  SCV  
  19  1:29  Supply Depot  
  19  1:30  SCV  
  20  1:36  Reaper  
  21  1:42  SCV  
  22  1:54  SCV  
  22  1:58  Command Center  
  23  2:15  Barracks Tech Lab  
  23  2:17  Refinery  
  23  2:18  Orbital Command  
  23  2:32  Factory  
  23  2:50  Marine  
  24  3:02  SCV  
  25  3:08  Marine  
  26  3:14  SCV, Supply Depot  
  27  3:26  SCV, Marine  
  29  3:37  Supply Depot x2  
  29  3:38  SCV  
  30  3:47  Starport  
  30  3:50  SCV  
  32  3:58  Orbital Command  
  32  4:00  Supply Depot  
  32  4:02  SCV, Barracks Tech Lab  
  32  4:07  Cyclone  
  32  4:08  Barracks  
  35  4:14  SCV  
  36  4:26  Refinery, SCV  
  37  4:38  SCV  
  37  4:39  Siege Tank  
  41  4:50  SCV  
  42  5:02  Barracks Tech Lab  
  42  5:03  Barracks Tech Lab  
  42  5:08  Barracks  
  42  5:09  SCV  
  42  5:10  SCV  
  44  5:26  Supply Depot  
  44  5:29  Siege Tank  
  44  5:30  Command Center  
  44  5:34  Marine x2  
  49  5:37  Raven  
  51  5:49  Supply Depot  
  51  5:56  SCV x2  
  53  6:01  Widow Mine  
  53  6:02  Stimpack  
  55  6:08  SCV x2  
  57  6:12  Engineering Bay, Supply Depot  
  57  6:20  Viking, SCV, Armory  
  57  6:22  Widow Mine, Marine  
  57  6:23  Marine x2  
  57  6:24  Refinery  
  65  6:33  Liberator  
  65  6:40  Marine x2  
  65  6:41  Marine  
  65  6:43  Siege Tank  
  74  6:55  SCV x2  
  74  6:58  Marine  
  74  6:59  Marauder x2  
  81  7:01  Orbital Command  
  81  7:07  SCV x2  
  83  7:16  Refinery  
  83  7:18  Marine  
  83  7:19  SCV  
  83  7:20  Siege Tank, SCV, Marine, Marauder  
  92  7:31  SCV  
  92  7:32  SCV  
  92  7:33  Medivac  
  92  7:36  Marine  
  97  7:38  Marine  
  97  7:41  Marine, Orbital Command  
  97  7:42  Refinery  
  97  7:43  Supply Depot  
  97  7:44  SCV x2  
  101  7:52  Siege Tank  
  101  7:54  Marine  
  101  7:56  Marauder  
  107  7:59  Marauder  
  109  8:07  Supply Depot  
  109  8:11  Marine  
  109  8:12  Medivac  
  112  8:17  Marine  
  113  8:20  Marine  
  113  8:25  Siege Tank  
  117  8:29  Marine  
  117  8:30  Supply Depot  
  118  8:35  Marine  
  118  8:38  Marine  
  120  8:42  Medivac  
  122  8:51  SCV  
  122  8:52  SCV  
  122  8:53  Marauder  
  122  8:54  Supply Depot  
  126  8:56  Marauder  
  126  8:57  Siege Tank  
  126  8:58  SCV  
  126  9:00  Marine  
  133  9:03  SCV  
  133  9:04  SCV  
  135  9:10  SCV  
  135  9:12  Medivac  
  135  9:14  Marine  
  135  9:16  SCV x2  
  141  9:17  Marine x2  
  141  9:22  SCV  
  141  9:24  Terran Vehicle And Ship Armor Level 1  
  144  9:26  Terran Infantry Weapons Level 1  
  144  9:28  SCV x2  
  144  9:29  Siege Tank  
  149  10:03  SCV x2  
  149  10:05  SCV  
  148  10:07  Medivac  
  148  10:08  Marauder  
  148  10:09  Siege Tank, Marauder  
  139  10:15  SCV x2  
  139  10:17  SCV  
  139  10:18  Marine  
  137  10:27  SCV x2  
  135  10:28  Marine  
  135  10:29  SCV  
  135  10:30  Marine  
  127  10:37  Viking  
  127  10:41  Siege Tank  
  124  10:47  Marauder  
  124  10:48  Marauder  
  119  11:01  Marine  
  114  11:05  SCV x3  
  114  11:07  Viking  
  114  11:08  Marauder  
  114  11:09  Marine  
  116  11:13  Siege Tank  
  116  11:17  SCV x3  
  116  11:18  Terran Vehicle Weapons Level 1  
  118  11:19  Marine  
  118  11:27  Marine  
  118  11:29  SCV x2  
  118  11:30  SCV, Marauder  
  120  11:37  Viking, Marine  
  123  11:41  SCV x2  
  123  11:42  SCV  
  123  11:45  Siege Tank, Marauder  
  131  11:50  Marine  
  131  11:53  SCV, Supply Depot  
  131  11:54  SCV x2  
  135  11:55  Marine  
  131  12:05  SCV  
  131  12:06  Marine  
  131  12:09  Smart Servos  
  131  12:12  Concussive Shells  
  131  12:13  Combat Shield  
  127  12:17  Siege Tank  
  127  12:25  Liberator  
  125  12:33  Marine x3  
  131  12:49  SCV x3  
  131  12:50  Siege Tank  
  131  12:51  Marine x3  
  140  13:01  SCV x2  
Tags
 
Add a new tag
Caveats
  • Supply blocks, unpowered buildings, or Contaminate may cause inaccurate times.
  • Supply counts are checked every 10 seconds.